Map: [ESL] Alcyone

Players

HeroMarine - Winner!

  • Race: Terran Terran
  • League: Grandmaster
  • Spawn Location: 7:00

LiquidMaNa (MaNa)

  • Race: Protoss Protoss
  • League: Grandmaster
  • Spawn Location: 1:00

Event: HomeStory Cup XXV

VOD

Have the link to the VOD?

Description

Time

  • Played on: June 23, 2024, 10:33 a.m.
  • Length: 6:22

All games in this series

Show
View Real Time Build Order
Export as new Build Order

HeroMarine Terran - Winner!

Build Orders: Cyclone Opening 

Get SALT Encoding   

  12  0:00  SCV  
  13  0:12  SCV  
  14  0:16  Supply Depot  
  14  0:24  SCV  
  15  0:38  SCV  
  15  0:40  Barracks  
  16  0:43  Refinery  
  16  0:50  SCV  
  16  0:52  Refinery  
  17  1:02  SCV  
  18  1:14  SCV  
  19  1:27  Orbital Command, Reaper  
  20  1:40  Factory  
  20  1:46  Supply Depot  
  20  1:52  SCV  
  21  1:59  Barracks Reactor  
  21  2:04  SCV  
  22  2:14  Command Center  
  22  2:16  SCV  
  23  2:24  Cyclone  
  23  2:28  SCV  
  26  2:37  Starport  
  26  2:40  SCV  
  27  2:44  Supply Depot  
  27  2:52  SCV  
  27  2:55  Marine x2  
  30  3:05  SCV  
  31  3:06  Widow Mine  
  33  3:13  Marine x2  
  33  3:15  Medivac  
  33  3:17  SCV  
  38  3:27  Cyclone  
  38  3:29  Orbital Command  
  38  3:30  SCV  
  41  3:35  Marine x2  
  43  3:44  SCV  
  43  3:45  Viking  
  46  3:53  Supply Depot, Marine x2  
  46  3:55  SCV  
  49  3:56  SCV  
  49  4:00  Cyclone  
  52  4:09  SCV x2  
  53  4:11  Marine x2  
  51  4:21  SCV x2  
  52  4:25  Viking  
  52  4:29  Marine x2  
  56  4:33  SCV x2  
  56  4:36  Cyclone  
  59  4:43  Supply Depot  
  59  4:45  SCV x2  
  57  4:46  Marine x2  
  59  4:57  SCV x2  
  61  5:04  Marine x2, Liberator  
  65  5:09  SCV  
  65  5:10  SCV  
  65  5:12  Command Center  
  64  5:22  Marine  
  64  5:23  SCV x2  
  64  5:33  Marine  
  64  5:36  SCV x2  
  64  5:40  Marine, Factory Tech Lab  
  65  5:48  SCV x2  
  59  5:50  Marine  
  59  5:52  Starport Tech Lab  
  59  5:58  Marine  
  59  6:00  SCV x2  
  59  6:04  Barracks  
  62  6:08  Barracks  
Show
View Real Time Build Order
Export as new Build Order

LiquidMaNa Protoss 

Build Orders: 1 Gate Expand, Oracle Opening, Phoenix Opening 

Get SALT Encoding   

  12  0:00  Probe  
  13  0:12  Probe  
  14  0:17  Pylon  
  14  0:24  Probe (Chrono Boost)  
  16  0:36  Gateway, Probe (Chrono Boost)  
  16  0:43  Probe (Chrono Boost)  
  16  0:45  Assimilator  
  17  0:50  Probe  
  18  1:03  Probe  
  19  1:15  Probe  
  20  1:23  Cybernetics Core  
  20  1:34  Nexus  
  20  1:40  Pylon  
  20  1:42  Probe  
  21  1:48  Assimilator  
  21  1:55  Probe  
  21  1:56  Adept (Chrono Boost)  
  24  2:07  Probe  
  25  2:14  Stargate  
  25  2:19  Probe  
  28  2:23  Stalker (Chrono Boost)  
  28  2:31  Probe  
  28  2:33  Warp Gate  
  29  2:43  Probe  
  30  2:49  Adept, Probe  
  33  2:55  Probe  
  33  2:57  Shield Battery  
  34  3:01  Probe  
  34  3:03  Oracle (Chrono Boost)  
  35  3:07  Probe  
  39  3:13  Probe  
  39  3:19  Probe  
  41  3:25  Probe  
  42  3:30  Gateway  
  42  3:31  Probe  
  42  3:32  Pylon  
  43  3:36  Phoenix  
  43  3:37  Probe  
  46  3:46  Assimilator  
  46  3:48  Assimilator  
  46  3:50  Pylon, Probe  
  46  3:55  Probe  
  48  4:00  Robotics Facility  
  49  4:02  Probe  
  49  4:05  Phoenix  
  49  4:07  Probe  
  52  4:15  Probe  
  53  4:17  Shield Battery  
  53  4:19  Probe  
  53  4:22  Stalker  
  56  4:29  Stalker  
  56  4:48  Probe x2  
  62  4:59  Adept  
  62  5:12  Pylon  
  58  5:19  Pylon  
  56  5:22  Pylon  
  56  5:24  Pylon  
  55  5:29  Probe  
  54  5:36  Pylon  
  54  5:38  Stalker  
  54  5:40  Probe  
  54  5:42  Void Ray (Chrono Boost)  
  57  5:46  Probe  
  49  5:52  Probe  
  46  5:57  Gateway  
  46  5:58  Probe  
  46  5:59  Gateway, Stalker  
  49  6:07  Pylon  
Tags
 
Add a new tag
Caveats
  • Supply blocks, unpowered buildings, or Contaminate may cause inaccurate times.
  • Supply counts are checked every 10 seconds.